 Dungeon Crawl Stone Soup version 0.18.1-50-g88ac8fd (webtiles) character file.

3250 KarmaPolice the Jinx (level 9, -6/57 HPs)
             Began as a Vampire Enchanter on Sept 24, 2016.
             Was a Follower of Dithmenos.
             Mangled by an eight-headed hydra (11 damage)
             ... on level 9 of the Dungeon.
             The game lasted 00:44:31 (9464 turns).

KarmaPolice the Jinx (Vampire Enchanter)            Turns: 9464, Time: 00:44:32

Health: -6/57      AC:  6    Str:  8    XL:     9   Next: 67%
Magic:  2/18       EV: 13    Int: 18    God:    Dithmenos [*.....]
Gold:   501        SH:  0    Dex: 23    Spells: 4 memorised, 11 levels left

rFire  + . .     SeeInvis +     a - +1 dagger
rCold  . . .     Gourm    .     H - +0 robe of Nirion {Dex+4}
rNeg   + . .     Faith    .     (no shield)
rPois  .         Spirit   .     (no helmet)
rElec  .         Dismiss  .     (no cloak)
rCorr  .         Reflect  .     l - +0 pair of gloves
SustAt .         Harm     .     B - +2 pair of boots
MR     .....                    g - amulet of magic regeneration
Stlth  ++++++....               x - +3 ring of dexterity
                                s - ring of protection from fire

@: wreathed by umbra, not resistant to hostile enchantments, very stealthy
A: fangs 3, see invisible, unbreathing
a: Bat Form, Renounce Religion


You were on level 9 of the Dungeon.
You worshipped Dithmenos.
Dithmenos was aware of your devotion.
You were not thirsty.

You visited 2 branches of the dungeon, and saw 10 of its levels.

You collected 548 gold pieces.
You spent 47 gold pieces at shops.

Inventory:

Hand Weapons
 a - a +1 dagger (weapon)
 K - a +0 blowgun
Missiles
 w - 8 curare-tipped needles
Armour
 b - a +1 robe
 l - a +0 pair of gloves (worn)
 B - a +2 pair of boots (worn)
 H - the +0 robe of Nirion (worn) {Dex+4}
   (You found it on level 8 of the Dungeon)

   It affects your dexterity (+4).
Jewellery
 g - an amulet of magic regeneration (around neck)
 s - a ring of protection from fire (left hand)
 u - an uncursed ring of ice
 x - a +3 ring of dexterity (right hand)
 C - the ring "Viecety" {+Inv +Fly rF- MP+9, unknown}
   (You found it on level 9 of the Dungeon)

   [ring of flight]

   It makes you vulnerable to fire.
   It affects your magic capacity (+9).
   It lets you turn invisible.
   It lets you fly.
Scrolls
 e - a scroll of identify
 h - 3 scrolls of recharging
 i - 3 scrolls of fog
 k - 4 scrolls of teleportation
 n - 4 scrolls of remove curse
 q - 2 scrolls of enchant armour
 t - a scroll of amnesia {unknown}
 y - 4 scrolls of fear {unknown}
 z - a scroll of enchant weapon {unknown}
 A - 6 scrolls of magic mapping
 E - 3 scrolls of noise {unknown}
 F - a scroll of random uselessness {unknown}
Potions
 d - 8 potions of blood
 f - a potion of agility {unknown}
 j - 9 potions of curing {unknown}
 m - 3 potions of brilliance {unknown}
 o - a potion of cancellation {unknown}
 p - 2 potions of lignification {unknown}
 r - a potion of resistance {unknown}
 D - a potion of haste {unknown}
 G - a potion of flight {unknown}
Books
 c - a book of Maledictions

   Spells                             Type                      Level
   a - Corona                         Hexes                        1
   b - Ensorcelled Hibernation        Hexes/Ice                    2
   c - Confuse                        Hexes                        3
   d - Tukima's Dance                 Hexes                        3
   e - Dazzling Spray                 Conjuration/Hexes            3
 v - a Grand Grimoire

   Spells                             Type                      Level
   a - Monstrous Menagerie            Summoning                    7
   b - Summon Greater Demon           Summoning                    7
   c - Malign Gateway                 Summoning/Translocation      7
   d - Summon Horrible Things         Summoning                    8
 I - a book of Burglary

   Spells                             Type                      Level
   a - Swiftness                      Charms/Air                   2
   b - Passwall                       Transmutation/Earth          2
   c - Passage of Golubria            Translocation                4
   d - Lee's Rapid Deconstruction     Earth                        5
   e - Darkness                       Hexes                        6
   f - Invisibility                   Hexes                        6


   Skills:
 - Level 4.5 Short Blades
 - Level 2.1 Dodging
 - Level 8.9 Stealth
 + Level 6.3 Spellcasting
 + Level 10.0 Hexes
 + Level 6.3 Ice Magic
 + Level 3.8 Invocations


You had 11 spell levels left.
You knew the following spells:

 Your Spells              Type           Power        Failure   Level  Hunger
a - Corona                Hex            #####..      1%          1    None
b - Ensorcelled Hibernat  Hex/Ice        #####.       1%          2    None
c - Confuse               Hex            #####...     1%          3    ##.....
d - Tukima's Dance        Hex            #####...     1%          3    ##.....


Dungeon Overview and Level Annotations

Branches:
Dungeon (9/15)             Temple (1/1) D:6             Orc (0/2) D:9
   Lair: D:8-11

Altars:
Ashenzari
Cheibriados
Dithmenos
Elyvilon
Fedhas
Gozag
Kikubaaqudgha
Makhleb
Nemelex Xobeh
Okawaru
Pakellas
Qazlal
Ru
Sif Muna
Trog
Vehumet
Xom
Yredelemnul
Zin
The Shining One

Shops:
D:6 [   D:9 %(:

Annotations:
D:2 Robin
D:5 1 runed door


Innate Abilities, Weirdness & Mutations

You have razor-sharp teeth.
You have supernaturally acute eyesight.
You can survive without breathing.


Message History

You impale the eight-headed hydra!!
The eight-headed hydra is heavily wounded.
You strike the helpless eight-headed hydra from behind!
You impale the eight-headed hydra!!
The eight-headed hydra is almost dead.
The eight-headed hydra bites you!
The eight-headed hydra barely misses you.
The eight-headed hydra bites you. The eight-headed hydra bites you!
The eight-headed hydra closely misses you.
The eight-headed hydra bites you! x2
* * * LOW HITPOINT WARNING * * *
The eight-headed hydra closely misses you.
You hit the eight-headed hydra. You bite the eight-headed hydra.
The eight-headed hydra is almost dead.
You hit the eight-headed hydra.
The eight-headed hydra is almost dead.
The eight-headed hydra bites you.
* * * LOW HITPOINT WARNING * * *
The eight-headed hydra bites you!
You die...

.##.............#).........#
..........#...#...#...<....#
.##.......#####...#.......∩#
(...........###............#
###.......#.>.###.....(....#
#.......###..##....##...##
#.......# #..#..........##
#.......# #D............#
#.@...........#
##...........).# ######
###..#..........##
((Y..##### #...###...##...##
####.....###.### #######.##
.#######......# #.#
...####..)....# #.##
##............# #.>#
....o##.###...# ####


You could see an eight-headed hydra (confused).

Vanquished Creatures
  The ghost of Zleub the Charmwright, an amateur HuSk (D:3)
  2 hippogriffs
  A wyvern (D:9)
  A water moccasin (D:9)
  2 ice beasts
  2 black bears
  A wasp (D:9)
  3 sky beasts
  An ogre (D:5)
  A phantom (D:9)
  A centaur (D:5)
  A big kobold (D:9)
  5 giant frogs
  3 scorpions (D:5)
  3 killer bees
  A centaur zombie (D:5)
  2 crimson imps
  An orc priest (D:9)
  2 orc wizards
  A hound (D:4)
  A giant frog skeleton (D:9)
  2 jellies
  An iguana (D:5)
  12 worker ants
  A hound zombie (D:9)
  2 hound skeletons
  A howler monkey skeleton (D:6)
  5 gnolls
  9 adders
  A shadow imp (D:8)
  An ooze (D:4)
  An adder zombie (D:5)
  An adder skeleton (D:5)
  A worm (D:3)
  A dart slug (D:3)
  6 giant geckos
  15 orcs
  9 giant cockroaches
  10 goblins
  8 hobgoblins
  13 jackals
  3 quokkas
  2 ball pythons
  6 bats
  A giant gecko skeleton (D:5)
  9 giant newts
  10 kobolds
  A quokka skeleton (D:5)
  9 rats
  2 butterflies (D:5)
179 creatures vanquished.

Vanquished Creatures (collateral kills)
  3 gnolls
  An adder (D:5)
4 creatures vanquished.

Vanquished Creatures (others)
  A dancing weapon (D:9)
1 creature vanquished.

Grand Total: 184 creatures vanquished

Notes
Turn   | Place    | Note
--------------------------------------------------------------
     0 | D:1      | KarmaPolice the Vampire Enchanter began the quest for the Orb.
     0 | D:1      | Reached XP level 1. HP: 13/13 MP: 3/3
   107 | D:1      | Reached XP level 2. HP: 16/19 MP: 3/5
   122 | D:1      | Learned a level 2 spell: Ensorcelled Hibernation
   609 | D:1      | Reached skill level 5 in Stealth
  1071 | D:2      | Reached XP level 3. HP: 24/24 MP: 6/6
  1076 | D:2      | Learned a level 3 spell: Confuse
  1159 | D:2      | Noticed Robin
  1891 | D:2      | Reached skill level 5 in Hexes
  2177 | D:3      | Found a faded altar to an unknown god.
  2251 | D:3      | Reached XP level 4. HP: 25/30 MP: 7/7
  2547 | D:3      | Noticed Zleub's ghost (amateur HuSk)
  2889 | D:3      | Killed Zleub's ghost
  2889 | D:3      | Reached skill level 1 in Ice Magic
  2889 | D:3      | Reached XP level 5. HP: 31/35 MP: 2/9
  2889 | D:3      | Reached XP level 6. HP: 36/41 MP: 2/10
  3684 | D:4      | Found a blossoming altar of Fedhas.
  3696 | D:4      | Reached skill level 6 in Hexes
  4070 | D:5      | Entered Level 5 of the Dungeon
  4197 | D:5      | Learned a level 3 spell: Tukima's Dance
  4692 | D:5      | Noticed an ice beast
  4706 | D:5      | Killed an ice beast
  4706 | D:5      | Reached XP level 7. HP: 37/46 MP: 8/12
  4776 | D:5      | Found a runed door.
  4780 | D:5      | Found a runed door.
  5051 | D:5      | Reached skill level 7 in Hexes
  5503 | D:5      | Reached XP level 8. HP: 52/52 MP: 14/14
  6620 | D:6      | Found a staircase to the Ecumenical Temple.
  6633 | Temple   | Entered the Ecumenical Temple
  6754 | Temple   | Became a worshipper of Dithmenos the Shadowed
  6978 | D:6      | Found a sand-covered staircase.
  6987 | D:6      | Reached skill level 8 in Hexes
  7047 | D:6      | Found Osux's Antique Armour Emporium.
  7229 | D:7      | Reached skill level 5 in Spellcasting
  7548 | D:7      | Reached skill level 1 in Invocations
  7765 | D:8      | Found a glowing golden altar of the Shining One.
  7920 | D:8      | Reached skill level 5 in Ice Magic
  7934 | D:8      | Got a tattered robe
  8297 | D:9      | Found Fush's Antique Weapon Shoppe.
  8297 | D:9      | Found Tuelyfel's Food Emporium.
  8315 | D:9      | Bought a blowgun for 47 gold pieces
  8331 | D:8      | Reached skill level 9 in Hexes
  8331 | D:8      | Reached XP level 9. HP: 51/57 MP: 11/17
  8397 | D:9      | Found Xiaho's Book Shop.
  8403 | D:9      | Noticed an eight-headed hydra
  8510 | D:8      | Identified the +0 robe of Nirion {Dex+4} (You found it on level 8 of the Dungeon)
  8687 | D:9      | Reached * piety under Dithmenos
  8730 | D:9      | Got a coiled glass ring
  9061 | D:9      | Reached skill level 10 in Hexes
  9420 | D:9      | Found a staircase to the Orcish Mines.
  9464 | D:9      | Mangled by an eight-headed hydra

Skill      XL: |  1  2  3  4  5  6  7  8  9 |
---------------+----------------------------+-----
Stealth        | 5 6 7 8 |  8.9
Short Blades   | 2 3 4 |  4.5
Hexes          | 5 6 7 9 10 | 10.0
Spellcasting   | 3 4 5 6 |  6.3
Ice Magic      | 1 2 3 5 6 |  6.3
Invocations    | 2 3 |  3.8
Dodging        | |  2.1

Action                   |  1- 3 |  4- 6 |  7- 9 || total
-------------------------+-------+-------+-------++-------
Melee: Dagger            |   111 |   105 |   216 ||   432
       Bite              |     9 |     5 |    14 ||    28
       Unarmed           |       |       |     1 ||     1
 Cast: Corona            |     4 |     5 |     6 ||    15
       Ensorcelled Hiber |    15 |    15 |    77 ||   107
       Confuse           |       |    13 |    30 ||    43
       Tukima's Dance    |       |     2 |     7 ||     9
 Abil: End Transformatio |       |     3 |    11 ||    14
       Bat Form          |       |     3 |    11 ||    14
  Use: Potion            |     1 |     2 |     2 ||     5
       Scroll            |       |       |    10 ||    10
 Stab: Sleeping          |    25 |    18 |    66 ||   109
       Distracted        |     1 |       |       ||     1
       Confused          |       |    11 |    16 ||    27
  Eat: Corpse            |     3 |     2 |     5 ||    10
Armor: Robe              |    28 |    19 |    39 ||    86
Dodge: Dodged            |    64 |    41 |   103 ||   208
